PBL
CHICAGO CUBS @ ST. LOUIS CARDINALS
09/15/2070
 
TOP OF THE 1ST
Chicago Cubs batting - Pitching for St. Louis Cardinals : RHP Ramón Encarnación
Pitching: RHP Ramón Encarnación
Batting: LHB Orlando Melero 0-0: Ground out 6-3 (Groundball, 6M, EV 99.4 MPH)
Batting: LHB Yan Peltier 0-0: Fly out, F8 (Flyball, 8RD, EV 99.4 MPH)
Batting: LHB Shinobu Narita 0-0: Fly out, F7 (Flyball, 7, EV 86.3 MPH)
Top of the 1st over - 0 runs, 0 hits, 0 errors, 0 left on base; Chicago 0 - St. Louis 0
BOTTOM OF THE 1ST
St. Louis Cardinals batting - Pitching for Chicago Cubs : RHP Peter Stevenson
Pitching: RHP Peter Stevenson
Batting: RHB Zg Odhiambo 0-0: Ground out 3-1 (Groundball, 34, EV 84.4 MPH)
Batting: RHB Ric Hodges 0-0: Called Strike
0-1: SINGLE (Line Drive, 6MD, EV 98.1 MPH)
Batting: RHB Leland Vogler 0-0: Fly out, F7 (Flyball, 7D, EV 106.9 MPH)
Batting: SHB Emiliano Girometta 0-0: Ball
1-0: Ball
2-0: Foul Ball, location: 25F
2-1: SINGLE (Groundball, 6D, EV 94.4 MPH)
Ric Hodges to second
Batting: LHB Jeremy Dalton 0-0: Called Strike
0-1: Ball
1-1: Swinging Strike
1-2: Strikes out swinging
Bottom of the 1st over - 0 runs, 2 hits, 0 errors, 2 left on base; Chicago 0 - St. Louis 0
TOP OF THE 2ND
Chicago Cubs batting - Pitching for St. Louis Cardinals : RHP Ramón Encarnación
Batting: SHB George Moore 0-0: Swinging Strike
0-1: Foul Ball, location: 7LDF
0-2: Foul Ball, location: 23F
0-2: Strikes out swinging
Batting: LHB Dan Byrd 0-0: Ball
1-0: Swinging Strike
1-1: Called Strike
1-2: Foul Ball, location: 5F
1-2: SINGLE (Groundball, 4MD, EV 107.5 MPH)
Batting: LHB Hunter Mathis 0-0: Called Strike
0-1: Ball
1-1: Grounds into double play, 3-6-3 (Groundball, 3, EV 85.6 MPH)
Top of the 2nd over - 0 runs, 1 hit, 0 errors, 0 left on base; Chicago 0 - St. Louis 0
BOTTOM OF THE 2ND
St. Louis Cardinals batting - Pitching for Chicago Cubs : RHP Peter Stevenson
Batting: RHB José Betancourt 0-0: Fly out, F9 (Flyball, 9D, EV 102.5 MPH)
Batting: LHB Steve Rivera 0-0: Called Strike
0-1: Ball
1-1: Swinging Strike
1-2: Ball
2-2: Ball
3-2: Base on Balls
Batting: RHB Hua Tu 0-0: Ball
1-0: Ball
2-0: Ball
3-0: Called Strike
3-1: Reached on error, E5 (Groundball, 5, EV 101.3 MPH)
Steve Rivera to second
Batting: LHB Armando Torres 0-0: Called Strike
0-1: Swinging Strike
0-2: Ball
1-2: Ball
2-2: Strikes out swinging
Batting: RHB Zg Odhiambo 0-0: Ball
1-0: Ball
2-0: Called Strike
2-1: Fly out, F8 (Flyball, 8RXD, EV 105.0 MPH)
Bottom of the 2nd over - 0 runs, 0 hits, 1 error, 2 left on base; Chicago 0 - St. Louis 0
TOP OF THE 3RD
Chicago Cubs batting - Pitching for St. Louis Cardinals : RHP Ramón Encarnación
Batting: RHB Iván Valpreda 0-0: Ball
1-0: Foul Ball, location: 5FF
1-1: Foul Ball, location: 9LDF
1-2: Ground out 3-1 (Groundball, 34, EV 79.4 MPH)
Batting: RHB Robert Picot 0-0: Ground out 5-3 (Groundball, 56, EV 86.3 MPH)
Batting: RHB Eddie Brown 0-0: Called Strike
0-1: Ball
1-1: Foul Ball, location: 2F
1-2: Hit by Pitch
Batting: LHB Orlando Melero 0-0: Swinging Strike
0-1: Swinging Strike
0-2: Ball
1-2: Foul Ball, location: 5SF
1-2: Ground out U3 (Groundball, 3S, EV 75.0 MPH)
Top of the 3rd over - 0 runs, 0 hits, 0 errors, 1 left on base; Chicago 0 - St. Louis 0
BOTTOM OF THE 3RD
St. Louis Cardinals batting - Pitching for Chicago Cubs : RHP Peter Stevenson
Batting: RHB Ric Hodges 0-0: Foul Ball, location: 2F
0-1: Ball
1-1: Ball
2-1: Called Strike
2-2: Ball
3-2: Fly out, F7 (Flyball, 7, EV 86.3 MPH)
Batting: RHB Leland Vogler 0-0: Called Strike
0-1: Foul Ball, location: 3FF
0-2: Ball
1-2: Ball
2-2: Strikes out swinging
Batting: SHB Emiliano Girometta 0-0: Called Strike
0-1: Swinging Strike
0-2: Ball
1-2: DOUBLE (Line Drive, 89D, EV 94.4 MPH)
Batting: LHB Jeremy Dalton 0-0: Ball
1-0: Called Strike
1-1: Ball
2-1: Ball
3-1: Called Strike
3-2: Base on Balls
Batting: RHB José Betancourt 0-0: Ground out 1-3 (Groundball, 13, EV 65.0 MPH)
Bottom of the 3rd over - 0 runs, 1 hit, 0 errors, 2 left on base; Chicago 0 - St. Louis 0
TOP OF THE 4TH
Chicago Cubs batting - Pitching for St. Louis Cardinals : RHP Ramón Encarnación
Batting: LHB Yan Peltier 0-0: Ball
1-0: Ball
2-0: Fly out, F8 (Flyball, 8RD, EV 80.6 MPH)
Batting: LHB Shinobu Narita 0-0: Ball
1-0: SINGLE (Groundball, 6MD, EV 93.8 MPH)
Batting: SHB George Moore 0-0: Ball
Shinobu Narita steals 2nd base (no throw)
1-0: 2-RUN HOME RUN (Flyball, 9D, EV 95.0 MPH), Distance : 360 ft
Batting: LHB Dan Byrd 0-0: Called Strike
0-1: Ball
1-1: Ball
2-1: Swinging Strike
2-2: Ball
3-2: Strikes out swinging
Batting: LHB Hunter Mathis 0-0: Fly out, F5 (Popup, 5SF, EV 80.6 MPH)
Top of the 4th over - 2 runs, 2 hits, 0 errors, 0 left on base; Chicago 2 - St. Louis 0
BOTTOM OF THE 4TH
St. Louis Cardinals batting - Pitching for Chicago Cubs : RHP Peter Stevenson
Batting: LHB Steve Rivera 0-0: Called Strike
0-1: Ball
1-1: SINGLE (Line Drive, 4D, EV 106.9 MPH)
Batting: RHB Hua Tu 0-0: Called Strike
0-1: Reached on error, E6 (Groundball, 6, EV 84.4 MPH)
Steve Rivera to second
Batting: LHB Armando Torres 0-0: Ball
1-0: SINGLE (Groundball, 34D, EV 99.4 MPH)
Steve Rivera to third
Hua Tu to second
Batting: RHB Zg Odhiambo 0-0: Fly out, F4 (Popup, 3D, EV 58.1 MPH)
Batting: RHB Ric Hodges 0-0: Ball
1-0: Ball
2-0: Ball
3-0: Called Strike
3-1: Fly out, F8 (Line Drive, 78M, EV 86.3 MPH)
Runner from 3rd tags up, SCORES, throw by CF
Batting: RHB Leland Vogler 0-0: Reached on error, E6 (Groundball, 6, EV 79.4 MPH)
Hua Tu to third
Armando Torres to second
Batting: SHB Emiliano Girometta 0-0: Ball
1-0: Ball
2-0: Fly out, F6 (Popup, 6MD, EV 43.8 MPH)
Bottom of the 4th over - 1 run, 2 hits, 2 errors, 3 left on base; Chicago 2 - St. Louis 1
TOP OF THE 5TH
Chicago Cubs batting - Pitching for St. Louis Cardinals : RHP Ramón Encarnación
Batting: RHB Iván Valpreda 0-0: Swinging Strike
0-1: Ground out 4-3 (Groundball, 4, EV 86.9 MPH)
Batting: RHB Robert Picot 0-0: Called Strike
0-1: Ball
1-1: Ball
2-1: Ball
3-1: Fly out, F4 (Popup, 4, EV 55.0 MPH)
Batting: RHB Eddie Brown 0-0: Fly out, F8 (Flyball, 8LM, EV 93.8 MPH)
Top of the 5th over - 0 runs, 0 hits, 0 errors, 0 left on base; Chicago 2 - St. Louis 1
BOTTOM OF THE 5TH
St. Louis Cardinals batting - Pitching for Chicago Cubs : RHP Peter Stevenson
Batting: LHB Jeremy Dalton 0-0: Ball
1-0: Called Strike
1-1: Fly out, F6 (Popup, 6, EV 56.9 MPH)
Batting: RHB José Betancourt 0-0: Ball
1-0: Ball
2-0: Called Strike
2-1: Ball
3-1: Foul Ball, location: 3FF
3-2: Foul Ball, location: 2F
3-2: Base on Balls
Batting: LHB Steve Rivera 0-0: Called Strike
0-1: DOUBLE (Line Drive, 8RXD, EV 97.5 MPH)
José Betancourt to third
Runner from 3rd tries for Home, SAFE, throw by CF to trailing runner, OUT at third! 8-3-5
Batting: RHB Hua Tu 0-0: Ball
1-0: Called Strike
1-1: Ball
2-1: Fly out, F8 (Flyball, 8LXD, EV 82.5 MPH)
Bottom of the 5th over - 1 run, 1 hit, 0 errors, 0 left on base; Chicago 2 - St. Louis 2
TOP OF THE 6TH
Chicago Cubs batting - Pitching for St. Louis Cardinals : RHP Ramón Encarnación
Batting: LHB Orlando Melero 0-0: Called Strike
0-1: Ball
1-1: Ball
2-1: Foul Ball, location: 3DF
2-2: Foul Ball, location: 2RF
2-2: Foul Ball, location: 2F
2-2: Ball
3-2: Fly out, F9 (Flyball, 89D, EV 104.4 MPH)
Batting: LHB Yan Peltier 0-0: Called Strike
0-1: Foul Ball, location: 2F
0-2: Foul Ball, location: 2F
0-2: Ball
1-2: Foul Ball, location: 25FF
1-2: Foul Ball, location: 2F
1-2: Foul Ball, location: 9LDF
1-2: Ground out 3-1 (Groundball, 34S, EV 63.1 MPH)
Batting: LHB Shinobu Narita 0-0: Ball
1-0: Foul Ball, location: 25FF
1-1: SINGLE (Line Drive, 8LS, EV 108.8 MPH)
Batting: SHB George Moore 0-0: Foul Ball, location: 23F
0-1: Swinging Strike
0-2: Strikes out swinging
Top of the 6th over - 0 runs, 1 hit, 0 errors, 1 left on base; Chicago 2 - St. Louis 2
BOTTOM OF THE 6TH
St. Louis Cardinals batting - Pitching for Chicago Cubs : RHP Peter Stevenson
Batting: LHB Armando Torres 0-0: Ball
1-0: Fly out, F9 (Line Drive, 89M, EV 93.1 MPH)
Batting: RHB Zg Odhiambo 0-0: Called Strike
0-1: Ball
1-1: Fly out, F8 (Flyball, 89D, EV 105.6 MPH)
Batting: RHB Ric Hodges 0-0: Ball
1-0: Foul Ball, location: 5FF
1-1: Called Strike
1-2: Fly out, F7 (Flyball, 7S, EV 73.8 MPH)
Bottom of the 6th over - 0 runs, 0 hits, 0 errors, 0 left on base; Chicago 2 - St. Louis 2
TOP OF THE 7TH
Chicago Cubs batting - Pitching for St. Louis Cardinals : RHP Ramón Encarnación
Batting: LHB Dan Byrd 0-0: DOUBLE (Line Drive, 9LM, EV 103.8 MPH)
Batting: LHB Hunter Mathis 0-0: Ball
1-0: Ball
2-0: Called Strike
2-1: Ball
3-1: Hit by Pitch
Batting: RHB Iván Valpreda 0-0: Foul Ball, location: 23F
0-1: Called Strike
0-2: Ball
1-2: Fly out, F8 (Flyball, 89XD, EV 81.9 MPH)
Runner from 2nd tags up, SAFE at 3rd, no throw by CF
Batting: RHB Robert Picot 0-0: Called Strike
0-1: Foul Ball, location: 2F
0-2: Ball
1-2: Strikes out swinging
Batting: RHB Eddie Brown 0-0: Fly out, F3 (Popup, 3S, EV 87.5 MPH)
Top of the 7th over - 0 runs, 1 hit, 0 errors, 2 left on base; Chicago 2 - St. Louis 2
BOTTOM OF THE 7TH
St. Louis Cardinals batting - Pitching for Chicago Cubs : RHP Peter Stevenson
Batting: RHB Leland Vogler 0-0: Ball
1-0: SINGLE (Line Drive, 8LS, EV 101.3 MPH)
Pitching: RHP Michael Riley
Batting: SHB Emiliano Girometta 0-0: Grounds into double play, 6-4-3 (Groundball, 6, EV 105.0 MPH)
Batting: LHB Jeremy Dalton 0-0: Ball
1-0: Swinging Strike
1-1: Ball
2-1: Swinging Strike
2-2: Ball
3-2: Strikes out swinging
Bottom of the 7th over - 0 runs, 1 hit, 0 errors, 0 left on base; Chicago 2 - St. Louis 2
TOP OF THE 8TH
Chicago Cubs batting - Pitching for St. Louis Cardinals : RHP Ramón Encarnación
Batting: LHB Orlando Melero 0-0: Called Strike
0-1: Swinging Strike
0-2: Ball
1-2: Ball
2-2: Foul Ball, location: 2F
2-2: Foul Ball, location: 9LSF
2-2: Ground out U3 (Groundball, 3, EV 109.4 MPH)
Pitching: LHP Ernesto Rosa
Pinch Hitting: RHB José Rodríguez 0-0: Foul Ball, location: 3FF
0-1: Swinging Strike
0-2: Strikes out swinging
Pinch Hitting: RHB Julián Blanco 0-0: Ball
1-0: Ball
2-0: Called Strike
2-1: Foul Ball, location: 3F
2-2: Foul Ball, location: 2F
2-2: Ball
3-2: Strikes out swinging
Top of the 8th over - 0 runs, 0 hits, 0 errors, 0 left on base; Chicago 2 - St. Louis 2
BOTTOM OF THE 8TH
St. Louis Cardinals batting - Pitching for Chicago Cubs : RHP Michael Riley
Now at 2B: José Rodríguez
Now in LF: Julián Blanco
Batting: RHB José Betancourt 0-0: Ball
1-0: Ball
2-0: Called Strike
2-1: Swinging Strike
2-2: Foul Ball, location: 2F
2-2: Strikes out looking
Batting: LHB Steve Rivera 0-0: Ball
1-0: Ball
2-0: Ball
3-0: Base on Balls
Pinch Hitting: LHB Graham Johnson 0-0: Called Strike
0-1: Ball
1-1: Foul Ball, location: 5SF
1-2: SINGLE (Line Drive, 6D, EV 106.3 MPH)
Steve Rivera to second
Batting: LHB Armando Torres 0-0: Ball
1-0: Called Strike
1-1: Ground out 6-3 (Groundball, 4MS, EV 70.6 MPH)
Steve Rivera to third
Graham Johnson to second
Batting: LHB Víctor Becerra 0-0: Intentional Walk
Batting: RHB Ric Hodges 0-0: Called Strike
0-1: Ball
1-1: Foul Ball, location: 9LMF
1-2: Ball
2-2: Ball
3-2: Foul Ball, location: 2F
3-2: Foul Ball, location: 2F
3-2: Fly out, F4 (Popup, 23, EV 88.1 MPH)
Bottom of the 8th over - 0 runs, 1 hit, 0 errors, 3 left on base; Chicago 2 - St. Louis 2
TOP OF THE 9TH
Chicago Cubs batting - Pitching for St. Louis Cardinals : LHP Ernesto Rosa
Pitching: RHP Albert Smith
Now at C: Claudio Díaz
Batting: SHB George Moore 0-0: Ball
1-0: Ball
2-0: Ball
3-0: Base on Balls
Batting: LHB Dan Byrd 0-0: Ball
1-0: Foul Ball, location: 9LDF
1-1: Called Strike
1-2: Foul Ball, location: 7LSFF
1-2: Ball
Wild Pitch!
George Moore to second
2-2: SINGLE (Line Drive, 9S, EV 91.9 MPH)
George Moore to third
Runner from 3rd tries for Home, SAFE, throw by RF to home
Batting: LHB Hunter Mathis 0-0: Grounds into double play, 6-4-3 (Groundball, 6, EV 93.1 MPH)
Batting: RHB Iván Valpreda 0-0: Called Strike
0-1: Ball
1-1: Fly out, F8 (Line Drive, 8LD, EV 100.0 MPH)
Top of the 9th over - 1 run, 1 hit, 0 errors, 0 left on base; Chicago 3 - St. Louis 2
BOTTOM OF THE 9TH
St. Louis Cardinals batting - Pitching for Chicago Cubs : RHP Michael Riley
Pitching: RHP Carlos Sánchez
Batting: RHB Leland Vogler 0-0: Ball
1-0: Ball
2-0: Ball
3-0: Called Strike
3-1: Base on Balls
Batting: SHB Emiliano Girometta 0-0: SINGLE (Line Drive, 89S, EV 101.3 MPH)
Leland Vogler to second
Pinch Runner at 2nd Mike Eldridge:
Batting: LHB Jeremy Dalton 0-0: Ball
1-0: SINGLE (Line Drive, 56, EV 99.4 MPH)
Mike Eldridge to third
Emiliano Girometta to second
Pinch Hitting: LHB Héctor Reyes 0-0: Fly out, F5 (Popup, 56S, EV 79.4 MPH)
Batting: LHB Steve Rivera 0-0: Foul Ball, location: 2RF
0-1: Foul Ball, location: 2F
0-2: Ball
1-2: Foul Ball, location: 2F
1-2: SINGLE (Line Drive, 89S, EV 103.8 MPH)
Mike Eldridge scores
Emiliano Girometta to third
Jeremy Dalton to second
Pinch Hitting: LHB Mike Matthews 0-0: Called Strike
0-1: Ball
1-1: SINGLE (Groundball, 4, EV 105.6 MPH) (infield hit)
Emiliano Girometta scores
Bottom of the 9th over - 2 runs, 4 hits, 0 errors, 2 left on base; Chicago 3 - St. Louis 4
Saturday, February 17th , 2024 - OOTP Baseball 24.10 Build 82